 Dungeon Crawl Stone Soup version 0.29-a0-284-gf9362112df (webtiles) character file.

Game seed: 17383095941390168209

100 Zonian the Chiller (level 4, 0/30 HPs)
             Began as a Demonspawn Ice Elementalist on Mar 29, 2022.
             Was a Follower of Uskayaw.
             Killed by nerve-wracking pain
             ... invoked by Grinder
              (5 damage)
             ... on level 3 of the Dungeon.
             The game lasted 00:05:49 (3540 turns).

Zonian the Chiller (Demonspawn Ice Elementalist)    Turns: 3540, Time: 00:05:50

Health: 0/30       AC:  2    Str:  8    XL:     4   Next: 46%
Magic:  8/8        EV: 12    Int: 19    God:    Uskayaw [*.....]
Gold:   75         SH:  0    Dex: 13    Spells: 4/8 levels left

rFire   . . .      SeeInvis .   h - +0 whip
rCold   . . .      Faith    .   (no shield)
rNeg    . . .      Spirit   .   a - +0 robe
rPois   .          Reflect  .   (helmet restricted)
rElec   .          Harm     .   (no cloak)
rCorr   .          Rampage  .   (no gloves)
Will    .....                   (no boots)
Stlth   ++........              (no amulet)
HPRegen 0.10/turn               (no ring)
MPRegen 0.11/turn               (no ring)

@: brilliant, invisible
A: horns 1
a: Renounce Religion, Stomp


You were on level 3 of the Dungeon.
You worshipped Uskayaw.
Uskayaw was noncommittal.
You visited 1 branch of the dungeon, and saw 3 of its levels.

You collected 75 gold pieces.

Inventory:

Hand Weapons
 e - a +0 hunting sling
 h - a +0 whip (weapon)
 i - a +0 short sword
Missiles
 f - a throwing net
Armour
 a - a +0 robe (worn)
Wands
 l - a wand of acid (1)
Scrolls
 c - a scroll of teleportation {unknown}
 d - a scroll of brand weapon {unknown}
 g - a scroll of noise {unknown}
Potions
 b - a potion of magic
 j - a potion of brilliance


   Skills:
 + Level 2.8 Dodging
 - Level 2.2 Stealth
 + Level 2.9 Spellcasting
 + Level 4.1 Ice Magic
 + Level 0.1 Invocations


You had 4 spell levels left.
You knew the following spells:

 Your Spells              Type           Power      Damage    Failure   Level
a - Freeze                Ice            100%       1d11      2%          1
b - Frozen Ramparts       Ice            56%        1d7       9%          3

Your spell library contained the following spells:

 Spells                   Type           Power      Damage    Failure   Level
 Ozocubu's Armour         Ice            28%        N/A       9%          3
 Shock                    Conj/Air       16%        1d4       16%         1
 Hailstorm                Conj/Ice       16%        3d6       54%         4


Dungeon Overview and Level Annotations

Branches:
Dungeon (3/15)

Altars:
Sif Muna
Uskayaw

Annotations:
D:3 Grinder


Innate Abilities, Weirdness & Mutations

You have a pair of small horns on your head.


Message History

Press: ? - help, Shift-Dir - straight line, f - goblin
Aim: a goblin, wielding a +0 dagger and wearing a +0 plate armour You freeze the goblin.
You kill the goblin!
Unknown command.
Aiming: Corrosive Bolt
Press: ? - help, Shift-Dir - straight line, f - you That beam is likely to hit you.
Continue anyway? [Y]es or [N]o only, please.
That beam is likely to hit you.
Continue anyway?
Okay, then.
It was a potion of brilliance.
You feel clever all of a sudden.
Casting: Freeze (safe; 2% risk of failure)
Confirm with . or Enter, or press ? or * to list all spells.
Okay, then.
Aiming: Corrosive Bolt
Press: ? - help, Shift-Dir - straight line, f - you
Okay, then.
It was a potion of invisibility.
You fade into invisibility!
Items here: ) [ ††.
There is a stone staircase leading down here.
You start resting.
Grinder is nearby!
Unknown command.
Aiming: Corrosive Bolt
Press: ? - help, Shift-Dir - straight line, f - Grinder
Aim: Grinder (moderately wounded, can't see you, covered in acid, 68% to hit)
The bolt of acid hits Grinder!
Grinder seems to be corroded for longer.
Grinder is severely wounded.
Unknown command.
Aiming: Corrosive Bolt
Press: ? - help, Shift-Dir - straight line, f/p - Grinder
Aim: Grinder (severely wounded, can't see you, covered in acid, 68% to hit)
The bolt of acid misses Grinder.
Grinder gestures at you. Pain shoots through your body!
You die...

##.##...# #.#. #. #..#...##.#
#.#.####.
#..#....#.####........
#...#.....##..........
#.#.#.....$#..........
#.#........#..........
#.##.......#..........
#.##.......##....#.###
######.##.@.....##....#.###
###........##.5...##.........
#...........).###.##.........
#.#........#### ##.........
.............# ###.######
#........#...... #.#
#........######. #.#
#........# #.# #........# #.#


You could see Grinder (can't see you, corroded).

Vanquished Creatures
  Jessica (D:3)
  An adder (D:2)
  5 dart slugs
  An orc (D:3)
  5 ball pythons
  3 endoplasms
  2 giant cockroaches
  4 goblins
  A hobgoblin (D:1)
  4 jackals (D:2)
  6 kobolds
  3 quokkas
  9 bats
  2 frilled lizards
  4 rats
51 creatures vanquished.

Vanquished Creatures (others)
  A fungus (D:1)
1 creature vanquished.

Grand Total: 52 creatures vanquished

Notes
Turn   | Place    | Note
-------+----------+-------------------------------------------
     0 | D:1      | Zonian the Demonspawn Ice Elementalist began the quest for
                  | the Orb.
     0 | D:1      | Reached XP level 1. HP: 13/13 MP: 3/3
   180 | D:1      | Found a faded altar of an unknown god.
   188 | D:1      | Got Plato's Disquisition on Confrontation
   189 | D:1      | Prayed at the altar of an unknown god.
   189 | D:1      | Became a worshipper of Uskayaw the Reveller
   189 | D:1      | Reached * piety under Uskayaw
   253 | D:1      | Reached ** piety under Uskayaw
   405 | D:1      | Gained mutation: You have a pair of small horns on your
                  | head. [demonic ancestry]
   405 | D:1      | Reached XP level 2. HP: 19/19 MP: 1/5
  1611 | D:2      | Reached XP level 3. HP: 21/24 MP: 2/6
  1615 | D:2      | Learned a level 3 spell: Frozen Ramparts
  1930 | D:2      | Reached *** piety under Uskayaw
  2145 | D:2      | Reached skill level 4 in Ice Magic
  2516 | D:2      | Found a shimmering blue altar of Sif Muna.
  2852 | D:3      | Noticed Jessica
  2858 | D:3      | Killed Jessica
  2859 | D:3      | Reached XP level 4. HP: 20/30 MP: 5/8
  3087 | D:3      | Noticed Grinder
  3133 | D:3      | Paralysed by Grinder for 4 turns
  3522 | D:3      | Paralysed by Grinder for 5 turns
  3540 | D:3      | Killed from afar by Grinder

Illustrated notes

Levels and vault maps discovered:
D:1:      minmay_arrival_semitransparent, layout_basic,
          shapermc_ecumenical_altar_rom_forum, minmay_heptomino_h4
D:2:      layout_basic, basic_altar, nicolae_underground_beach
D:3:      layout_basic, hangedman_abyss_or_decor_stabs, uniq_jessica,
          uniq_grinder

Skill      XL: |  1  2  3 |
---------------+----------+-----
Stealth        | 2 |  2.2
Dodging        | 2 |  2.8
Ice Magic      | 4 |  4.1
Spellcasting   | |  2.9
Invocations    | |  0.1

Action                   |  1- 3 |  4- 6 || total
-------------------------+-------+-------++-------
Melee: Unarmed           |    26 |       ||    26
       Punch             |     2 |       ||     2
       Whip              |    74 |    33 ||   107
       Headbutt          |     8 |     6 ||    14
 Cast: Freeze            |    38 |     4 ||    42
Evoke: Wand              |       |     4 ||     4
  Use: Potion            |       |     2 ||     2
 Stab: Sleeping          |     4 |       ||     4
Armor: Robe              |    23 |    15 ||    38
Dodge: Dodged            |    84 |    38 ||   122

Table legend: (Time is in decaauts)
 A = Elapsed time spent in this place.
 B = Non-inter-level travel time spent in this place.
 C = Inter-level travel time spent in this place.
 D = Time resting spent in this place.
 E = Time spent auto-exploring this place.
 F = Levels seen in this place.
 G = Mean time per level.
                   A        B        C        D        E       F      G
               +--------+--------+--------+--------+--------+-----+--------+
         Total |   3550 |   3439 |    111 |    703 |   2192 |   3 | 1183.3 |
       Dungeon |   3550 |   3439 |    111 |    703 |   2192 |   3 | 1183.3 |
               +--------+--------+--------+--------+--------+-----+--------+

Top non-repeatable levels by time:
     D:2: 1655 daAuts
     D:1: 1514 daAuts
     D:3: 380 daAuts
